 Dungeon Crawl Stone Soup version 0.20-a0-16-g0876c8e (webtiles) character file.

1887 TheGoonsmith the Spear-Bearer (level 9, -4/71 HPs)
             Began as a Merfolk Gladiator on Nov 3, 2016.
             Was a Follower of Yredelemnul.
             Slain by an orc warrior
             ... wielding a +0 short sword
              (14 damage)
             ... on level 6 of the Dungeon.
             The game lasted 00:10:16 (6053 turns).

TheGoonsmith the Spear-Bearer (Merfolk Gladiator)   Turns: 6053, Time: 00:10:17

Health: -4/71      AC: 11    Str: 17    XL:     9   Next: 14%
Magic:  9/9        EV: 14    Int:  8    God:    Yredelemnul [*.....]
Gold:   63         SH:  0    Dex: 17    Spells: 0 memorised, 8 levels left

rFire  . . .     SeeInvis .     a - +1 trident
rCold  . . .     Gourm    .     h - +0 ring mail
rNeg   . . .     Faith    .     (no shield)
rPois  .         Spirit   .     c - +1 helmet
rElec  .         Reflect  .     (no cloak)
rCorr  .         Harm     .     y - +0 pair of gloves
MR     .....                    q - +2 pair of boots
Stlth  ..........               (no amulet)
                                v - +2 ring of strength
                                (no ring)

@: confused, heavily drained
A: change form in water, swift swim, stealthy swim
a: Animate Remains, Renounce Religion


You were on level 6 of the Dungeon.
You worshipped Yredelemnul.
Yredelemnul was aware of your devotion.
You were not hungry.

You visited 1 branch of the dungeon, and saw 7 of its levels.

You collected 259 gold pieces.
You spent 196 gold pieces at shops.

Inventory:

Hand Weapons
 a - a +1 trident (weapon)
Missiles
 d - 3 throwing nets (quivered)
 B - 11 tomahawks
Armour
 b - a +0 leather armour
 c - a +1 helmet (worn)
 h - a +0 ring mail (worn)
 q - a +2 pair of boots (worn)
 y - a +0 pair of gloves (worn)
Jewellery
 u - an uncursed ring of ice
 v - a +2 ring of strength (right hand)
Wands
 C - a wand of digging (8/24)
Scrolls
 i - 2 scrolls of recharging
 k - a scroll of fog
 m - a scroll of enchant weapon
 p - a scroll of magic mapping
 r - 2 scrolls of identify
 s - 5 scrolls of remove curse
 H - 3 scrolls of teleportation
Potions
 e - 2 potions of ambrosia
 g - a potion of beneficial mutation {unknown}
 j - a potion of cure mutation {unknown}
 l - a potion of resistance {unknown}
 n - 3 potions of brilliance
 o - 3 potions of curing
 x - a potion of heal wounds
 A - 2 potions of might
 E - a potion of lignification {unknown}
 G - 2 potions of agility
 I - a potion of haste
 J - 2 potions of flight
Books
 z - a book of Maledictions

   Spells                             Type                      Level
   a - Corona                         Hexes                        1
   b - Ensorcelled Hibernation        Hexes/Ice                    2
   c - Confuse                        Hexes                        3
   d - Tukima's Dance                 Hexes                        3
   e - Dazzling Spray                 Conjuration/Hexes            3
Comestibles
 f - 2 bread rations
 t - 4 meat rations
 w - 3 fruits
 F - a beef jerky


   Skills:
 + Level 6.5(3.9) Fighting
 * Level 12.3(9.3) Polearms
 - Level 2.0(0.0) Throwing
 + Level 8.5(5.8) Dodging


You had 8 spell levels left.
You didn't know any spells.

Dungeon Overview and Level Annotations

Branches:
Dungeon (7/15)             Temple (0/1) D:5

Altars:
Ashenzari
Cheibriados
Dithmenos
Makhleb
Okawaru
Sif Muna
Xom
Yredelemnul
The Shining One

Shops:
D:6 (!:[%

Annotations:
D:7 Menkaure


Message History

The orc warrior is severely wounded.
The orc warrior barely misses you.
You barely miss the orc warrior.
The orc warrior is severely wounded.
You hit the orc warrior.
The orc warrior is severely wounded.
The orc warrior hits you with a short sword!
* * * LOW HITPOINT WARNING * * *
You hit the orc warrior.
The orc warrior is almost dead.
The orc warrior hits you with a short sword!
* * * LOW HITPOINT WARNING * * *
You closely miss the orc warrior.
The orc warrior is almost dead.
The orc warrior barely misses you.
You are confused.
You feel invigorated.
The orc warrior hits you with a short sword!
You die...
Your body rises from the dead as a mindless zombie.

#.8.∩.8........###.##.##
#.#..####.####........#
#...8# #.# #..##.####
###..# #.# #..##.# #.##
#.# #..##.# #)# #[#
#.<##.# #.# #.# #.###.#
#.#####.####.# #.# ###
#......>oo@..# #.# ###..
#######.####.###.#
####....
#÷)...>.##.###[...###
######........###.###
#######.## ##.## #.#
#... #.## ##..#
##<###.#.# ##...##.#


You could see an orc warrior and an orc.

Vanquished Creatures
  The ghost of myxocpahck the Slasher, a novice FoFi (D:5)
  A hippogriff (D:6)
  Sigmund (D:4)
  Eustachio (D:6)
  A centaur (D:5)
  2 ogres
  A bullfrog (D:6)
  A scorpion (D:6)
  4 howler monkeys
  A crimson imp (D:5)
  4 hounds
  An orc priest (D:7)
  3 orc wizards
  A centaur skeleton (D:4)
  Jessica (D:5)
  2 worker ants
  A hound skeleton (D:4)
  2 worker ant zombies
  3 gnolls
  7 adders
  2 shadow imps
  An ooze (D:1)
  An adder skeleton (D:4)
  2 worms
  5 dart slugs
  5 leopard geckos
  11 orcs
  3 giant cockroaches
  4 goblins
  6 hobgoblins
  6 jackals
  A quokka (D:4)
  A ball python (D:2)
  6 bats
  6 frilled lizards
  2 jackal skeletons
  6 kobolds
  2 leopard gecko skeletons
  A quokka skeleton (D:4)
  6 rats
116 creatures vanquished.

Vanquished Creatures (others)
  An ogre (D:4)
  An iguana (D:4)
  An adder (D:4)
3 creatures vanquished.

Grand Total: 119 creatures vanquished

Notes
Turn   | Place    | Note
-------+----------+-------------------------------------------
     0 | D:1      | TheGoonsmith the Merfolk Gladiator began the quest for the Orb.
     0 | D:1      | Reached XP level 1. HP: 16/16 MP: 1/1
    76 | D:1      | Reached XP level 2. HP: 10/23 MP: 2/2
   338 | D:1      | Reached skill level 5 in Polearms
   559 | D:1      | Reached XP level 3. HP: 28/28 MP: 3/3
   868 | D:2      | Found a snail-covered altar of Cheibriados.
  1219 | D:2      | Reached XP level 4. HP: 31/35 MP: 4/4
  1764 | D:3      | Reached skill level 6 in Polearms
  2268 | D:3      | Reached skill level 5 in Dodging
  2380 | D:4      | Reached XP level 5. HP: 41/41 MP: 5/5
  2619 | D:4      | Noticed an ogre
  2620 | D:4      | Found a shimmering altar of Xom.
  2640 | D:4      | Noticed Sigmund
  2727 | D:4      | Killed an ogre
  2751 | D:4      | Reached skill level 7 in Polearms
  2753 | D:4      | Found a glowing golden altar of the Shining One.
  2779 | D:4      | Found a basalt altar of Yredelemnul.
  2785 | D:4      | Reached XP level 6. HP: 42/47 MP: 6/6
  2795 | D:4      | Noticed a profane servitor
  2800 | D:4      | Became a worshipper of Yredelemnul the Dark
  2852 | D:4      | Reached skill level 8 in Polearms
  2877 | D:5      | Entered Level 5 of the Dungeon
  2907 | D:5      | Found a staircase to the Ecumenical Temple.
  2973 | D:5      | Reached XP level 7. HP: 42/54 MP: 7/7
  3078 | D:5      | Noticed myxocpahck's ghost (novice FoFi)
  3258 | D:4      | Killed Sigmund
  3258 | D:4      | Reached skill level 9 in Polearms
  3402 | D:4      | Reached * piety under Yredelemnul
  3545 | D:4      | Noticed an angel
  3750 | D:5      | Killed myxocpahck's ghost
  3750 | D:5      | Reached skill level 5 in Fighting
  3750 | D:5      | Reached skill level 10 in Polearms
  3750 | D:5      | Reached XP level 8. HP: 10/62 MP: 8/8
  4306 | D:5      | Found a burning altar of Makhleb.
  4306 | D:5      | Noticed a blizzard demon
  4309 | D:5      | Noticed an orange demon
  4309 | D:5      | Noticed an orange demon
  4394 | D:5      | Found an iron altar of Okawaru.
  4452 | D:5      | Noticed Jessica
  4456 | D:5      | Killed Jessica
  4459 | D:5      | Found a deep blue altar of Sif Muna.
  4600 | D:6      | Found a burning altar of Makhleb.
  4606 | D:6      | Found Ixti's Antique Armour Shoppe.
  4613 | D:6      | Found Oskax's Book Shop.
  4686 | D:6      | Found Gadovedgh's Distillery.
  4690 | D:6      | Found a shadowy altar of Dithmenos.
  4698 | D:6      | Bought a potion of agility for 56 gold pieces
  4698 | D:6      | Bought a potion of haste for 140 gold pieces
  4724 | D:6      | Found a shattered altar of Ashenzari.
  4857 | D:6      | Found Kanaf's Food Shop.
  4922 | D:6      | Noticed Eustachio
  4934 | D:6      | Reached skill level 11 in Polearms
  4971 | D:6      | Killed Eustachio
  5119 | D:6      | Found Ceapsusch's Weapon Shoppe.
  5409 | D:7      | Noticed Menkaure
  5652 | D:7      | Noticed a hippogriff
  5658 | D:7      | Reached XP level 9. HP: 65/69 MP: 9/9
  5693 | D:6      | Reached skill level 12 in Polearms
  6053 | D:6      | Slain by an orc warrior

Vault maps used:
D:1:      dpeg_arrival_oval, serial_forest, infiniplex_forest_corner_1,
          infiniplex_forest_corner_1, infiniplex_forest_lined_4_way,
          infiniplex_forest_lined_3, infiniplex_forest_side_room,
          infiniplex_forest_clump_cross, infiniplex_forest_end_2
D:2:      nicolae_overflow_hidden_temple, first_bread, minivault_5
D:4:      grunt_temple_overflow_holy_war, xom_confusion_cloud, uniq_sigmund
D:5:      kennysheep_mini, tgw_sif, serial_bayou_lagoon_a,
          makhleb_altar_promises_db
D:6:      overflow_temple_1_default, nicolae_dithmenos_through_a_glass_darkly,
          serial_shops, nicolae_shop_statue_plus, shop, shop,
          nicolae_shop_trees, shop, nicolae_ashenzari_panopticon, uniq_eustachio
D:7:      vehumet_altar_wand_db, basic_altar, uniq_duvessa, uniq_menkaure

Skill      XL: |  1  2  3  4  5  6  7  8  9 |
---------------+----------------------------+-----
Polearms       | 5 6 7 8 10 11 12 | 12.3
Fighting       | 3 4 5 6 |  6.5
Dodging        | 5 6 7 8 |  8.5
Throwing       | |  2.0

Action                   |  1- 3 |  4- 6 |  7- 9 || total
-------------------------+-------+-------+-------++-------
Melee: Trident           |   123 |   169 |   270 ||   562
  Use: Scroll            |       |     9 |     7 ||    16
       Potion            |       |       |     3 ||     3
  Eat: Chunk             |     1 |     3 |     4 ||     8
       Bread ration      |       |     1 |     1 ||     2
Armor: Leather armour    |    14 |       |       ||    14
       Ring mail         |    27 |    44 |   104 ||   175
Dodge: Dodged            |    82 |   110 |   168 ||   360
